 Dungeon Crawl Stone Soup version 0.19.4 (webtiles) character file.

40128 googlectual the Bludgeoner (level 13, -3/122 HPs)
             Began as a Minotaur Berserker on Jan 30, 2017.
             Was a High Priest of Trog.
             Blown up by an orb spider (43 damage)
             ... with an orb of destruction
             ... on level 2 of the Spider Nest.
             The game lasted 00:40:04 (14475 turns).

googlectual the Bludgeoner (Minotaur Berserker)    Turns: 14475, Time: 00:40:05

Health: -3/122     AC: 28    Str: 24    XL:     13   Next: 72%
Magic:  10/10      EV: 16    Int:  5    God:    Trog [*****.]
Gold:   828        SH:  0    Dex: 18    Spells: 0 memorised, 12 levels left

rFire  . . .     SeeInvis .     P - +7 whip of Siube {venom, rPois}
rCold  . . .     Gourm    .     q - +4 chain mail
rNeg   . . .     Faith    .     (no shield)
rPois  +         Spirit   .     (helmet unavailable)
rElec  .         Reflect  .     i - +2 cloak
rCorr  .         Harm     +     s - +0 pair of gloves
MR     +....     Clarity  +     (no boots)
Stlth  ..........               e - amulet of harm
                                I - +4 ring of protection
                                J - ring of Sihiykk {EV+3 Dex+6}

@: lethally poisoned (-3 -> -4)
A: retaliatory headbutt, horns 3, talons 1, molten scales 1, blurry vision 1,
clarity, low mp 1, magic resistance 1
a: Berserk, Trog's Hand, Brothers in Arms, Burn Spellbooks, Renounce Religion


You were on level 2 of the Spider Nest.
You worshipped Trog.
Trog was extremely pleased with you.
You were not hungry.

You visited 3 branches of the dungeon, and saw 14 of its levels.
You also visited: Sewer.

You collected 828 gold pieces.

Inventory:

Hand Weapons
 a - a +0 mace
 d - a +3 dagger
 j - a +3 antimagic great mace
 k - a +3 mace of crushing
 w - a +1 great mace of crushing
 C - a +3 antimagic short sword
 P - the +7 whip of Siube (weapon) {venom, rPois}
   (You found it on level 7 of the Dungeon)

   It poisons the flesh of those it strikes.
   It protects you from poison.
Missiles
 y - 8 poisoned javelins (quivered)
 R - 5 silver javelins
Armour
 b - a +0 animal skin
 i - a +2 cloak (worn)
 l - a +1 cloak
 q - a +4 chain mail (worn)
 s - a +0 pair of gloves (worn)
 S - +0 steam dragon scales
Jewellery
 e - an amulet of harm (around neck)
 p - an uncursed ring of poison resistance
 v - an uncursed ring of fire
 H - a cursed ring of teleportation
 I - a +4 ring of protection (right hand)
 J - the ring of Sihiykk (left hand) {EV+3 Dex+6}
   (You found it on level 8 of the Dungeon)

   [ring of evasion]

   It affects your evasion (+3).
   It affects your dexterity (+6).
 Q - an uncursed amulet of harm
 T - an uncursed ring of magical power
 U - an uncursed ring of protection from fire
Wands
 n - a wand of iceblast (6/15)
 L - a wand of lightning (8/15)
 O - a wand of polymorph (10/24)
Scrolls
 f - 2 scrolls of fog
 h - a scroll of teleportation
 m - 5 scrolls of enchant armour
 u - 4 scrolls of magic mapping
 z - 3 scrolls of remove curse
 B - 4 scrolls of recharging
 D - a scroll of random uselessness
 G - 3 scrolls of enchant weapon
 K - 2 scrolls of blinking
Potions
 c - a potion of invisibility
 o - 3 potions of magic
 r - 5 potions of brilliance
 x - 3 potions of curing
 N - 3 potions of might
Comestibles
 g - 3 beef jerkies
 t - 3 slices of pizza
 E - 4 fruits
 F - 3 meat rations
 M - a royal jelly


   Skills:
 + Level 13.0 Fighting
 + Level 3.3 Short Blades
 + Level 17.3 Maces & Flails
 + Level 1.8 Throwing
 + Level 15.0 Armour
 + Level 6.6 Dodging
 + Level 3.4 Stealth


You had 12 spell levels left.
You didn't know any spells.

Dungeon Overview and Level Annotations

Branches:
Dungeon (9/15)             Temple (0/1) D:5            Lair (3/6) D:9
 Spider (2/4) Lair:3
  Swamp: Lair:2-4    Shoals: Lair:2-4       Orc: D:9-12

Altars:
Ashenzari
Gozag
Makhleb
Qazlal
Sif Muna
Trog
Vehumet
Yredelemnul

Shops:
D:4 %

Annotations:
Lair:2 exclusion: oklob plant


Innate Abilities, Weirdness & Mutations

You reflexively headbutt those who attack you in melee.
You have a pair of large horns on your head.
You have sharp toenails.
You are partially covered in molten scales. (AC +2)
Scrolls take you a little longer to read.
You possess an exceptional clarity of mind.
Your magical capacity is low. (-10% MP)
You are resistant to hostile enchantments. (MR+)


Message History

You feel sick.
You feel sick.
The wolf spider hits you but does no damage.
The wolf spider closely misses you.
You whack the wolf spider!
You claw the wolf spider, but do no damage.
The wolf spider is lightly wounded.
The orb spider weaves a glowing orb of energy.
The wolf spider barely misses you. The wolf spider bites you!
An orb of destruction comes into view.
You whack the wolf spider!
The wolf spider is poisoned.
Your kick misses the wolf spider. You headbutt the wolf spider!
The wolf spider is severely wounded.
The wolf spider hits you. The wolf spider closely misses you.
You whack the wolf spider!
You kill the wolf spider!
Trog accepts your kill.
You feel sick. The orb of destruction hits you!
You die...

# #### ### #### .##
#..###.###..### #..##
....#...##....####....#
...^...........#..s...#
.#...###........ยงยง....#
#....# ##.......@.....#
#....## ##...#..##......
......# ##.###.# #....
.......# ### ### ...
......## . ...>..#
#....## ######


You could see an orb spider.

Vanquished Creatures
  Frances (Spider:2)
  Kirke (Spider:1)
  A ghost moth (Spider:1)
  Aizul (Spider:1)
  An entropy weaver (Spider:2)
  Snorg (Lair:3)
  4 hydras
  Harold (Lair:2)
  Erica (Lair:2)
  A death yak (D:7)
  Urug (Lair:3)
  Pikel (D:8)
  7 wolf spiders
  8 orb spiders
  2 moths of wrath
  A black mamba (Lair:1)
  A torpor snail (Spider:1)
  4 demonic crawlers
  10 komodo dragons
  6 jumping spiders
  A two-headed ogre (D:7)
  Prince Ribbit (D:8)
  4 polar bears (D:7)
  A hornet (Spider:2)
  2 hippogriffs (Lair:3)
  Sigmund (D:4)
  10 tarantellas
  5 hogs
  26 redbacks
  2 yaks
  Grum (D:8)
  3 steam dragons
  2 water moccasins
  3 swamp worms (Lair:3)
  2 sky beasts
  3 porcupines
  A slave (D:8)
  5 orc warriors
  2 ice beasts
  8 black bears
  2 wolves (D:8)
  3 ogres
  5 crocodiles
  3 big kobolds
  8 bullfrogs
  4 scorpions
  6 killer bees (D:7)
  A howler monkey (D:6)
  7 crimson imps
  2 centaur zombies
  A bullfrog zombie (D:6)
  5 orc priests
  6 hounds
  5 jellies
  A centaur skeleton (D:4)
  7 iguanas
  3 orc wizards
  6 worker ants
  A hound zombie (D:7)
  A worker ant zombie (D:8)
  Robin (D:4)
  11 adders
  A howler monkey skeleton (D:4)
  6 river rats
  3 shadow imps
  A white imp (D:9)
  5 oozes
  3 adder skeletons
  3 worms
  5 leopard geckos
  25 orcs
  9 ball pythons
  11 giant cockroaches
  15 goblins
  13 hobgoblins
  13 jackals
  4 quokkas
  9 bats
  8 frilled lizards
  22 kobolds
  A leopard gecko zombie (D:6)
  A quokka skeleton (D:8)
  31 rats
  A fungus (D:9)
  4 plants
420 creatures vanquished.

Vanquished Creatures (others)
  A slave (D:8)
  A worm (D:2)
  10 fungi
12 creatures vanquished.

Grand Total: 432 creatures vanquished

Notes
Turn   | Place    | Note
-------+----------+-------------------------------------------
     0 | D:1      | googlectual the Minotaur Berserker began the quest for the Orb.
     0 | D:1      | Reached XP level 1. HP: 19/19 MP: 0/0
   179 | D:1      | Reached XP level 2. HP: 26/27 MP: 1/1
   373 | D:1      | Reached skill level 4 in Maces & Flails
   627 | D:1      | Reached ** piety under Trog
   676 | D:2      | Reached XP level 3. HP: 33/33 MP: 2/2
   698 | D:2      | Found a stormy altar of Qazlal.
  1339 | D:2      | Gained mutation: You possess an exceptional clarity of mind. [potion of beneficial mutation]
  1451 | D:3      | Found an opulent altar of Gozag.
  1464 | D:3      | Reached XP level 4. HP: 39/41 MP: 3/3
  1768 | D:3      | Reached skill level 5 in Fighting
  1952 | D:3      | Reached skill level 1 in Stealth
  1952 | D:3      | Reached XP level 5. HP: 44/48 MP: 4/4
  2188 | D:4      | Reached skill level 1 in Short Blades
  2242 | D:4      | Found Obiproasi's Food Shoppe.
  2336 | D:4      | Found a deep blue altar of Sif Muna.
  2386 | D:4      | Gained mutation: You have sharp toenails. [potion of beneficial mutation]
  2497 | D:4      | Found a glowing drain.
  2502 | Sewer    | Entered a sewer
  2530 | Sewer    | Reached *** piety under Trog
  2638 | Sewer    | Reached XP level 6. HP: 42/56 MP: 5/5
  2654 | Sewer    | Received a gift from Trog
  2721 | Sewer    | Reached skill level 5 in Maces & Flails
  2893 | D:4      | Noticed Sigmund
  2901 | D:4      | Killed Sigmund
  2901 | D:4      | Reached XP level 7. HP: 55/61 MP: 6/6
  2919 | D:4      | Reached **** piety under Trog
  2920 | D:4      | Noticed Robin
  2922 | D:4      | Reached skill level 6 in Maces & Flails
  2928 | D:4      | Killed Robin
  2930 | D:4      | Reached skill level 5 in Armour
  3117 | D:5      | Entered Level 5 of the Dungeon
  3493 | D:5      | Reached skill level 7 in Maces & Flails
  3691 | D:5      | Reached XP level 8. HP: 70/70 MP: 7/7
  3844 | D:5      | Found a staircase to the Ecumenical Temple.
  3947 | D:6      | Gained mutation: Scrolls take you a little longer to read. [mutagenic meat]
  4020 | D:6      | Reached skill level 8 in Maces & Flails
  4032 | D:6      | Reached ***** piety under Trog
  4084 | D:6      | Found a bloodstained altar of Trog.
  4368 | D:6      | Reached skill level 9 in Maces & Flails
  5251 | D:7      | Reached XP level 9. HP: 78/78 MP: 8/8
  5309 | D:7      | Got a bloodstained whip
  5310 | D:7      | Identified the +7 whip of Siube {venom, rPois} (You found it on level 7 of the Dungeon)
  5404 | D:7      | Reached skill level 10 in Maces & Flails
  5416 | D:7      | Gained mutation: You are partially covered in molten scales. (AC +2) [mutagenic meat]
  5417 | D:7      | Gained mutation: You are resistant to hostile enchantments. (MR+) [mutagenic meat]
  5419 | D:7      | Lost mutation: Scrolls take you a little longer to read. [mutagenic meat]
  5630 | D:7      | Noticed a polar bear
  5631 | D:7      | Found a huge runed gate.
  5631 | D:7      | Noticed a polar bear
  5632 | D:7      | Found a huge runed gate.
  5632 | D:7      | Found a huge runed gate.
  5632 | D:7      | Found a huge runed gate.
  5632 | D:7      | Noticed a polar bear
  5632 | D:7      | Noticed a death yak
  5633 | D:7      | Noticed a polar bear
  5633 | D:7      | Noticed a polar bear
  6018 | D:7      | Killed a death yak
  6018 | D:7      | Reached skill level 11 in Maces & Flails
  6032 | D:7      | Killed a polar bear
  6045 | D:7      | Killed a polar bear
  6053 | D:7      | Killed a polar bear
  6053 | D:7      | Reached skill level 12 in Maces & Flails
  6095 | D:7      | Reached XP level 10. HP: 33/88 MP: 9/9
  6636 | D:7      | Received a gift from Trog
  6739 | D:7      | Reached skill level 5 in Dodging
  6792 | D:8      | Found a radiant altar of Vehumet.
  6831 | D:8      | Got a wavering bone ring
  6832 | D:8      | Identified the ring of Sihiykk {EV+3 Dex+6} (You found it on level 8 of the Dungeon)
  6848 | D:8      | Reached skill level 13 in Maces & Flails
  6849 | D:8      | Noticed Grum
  6870 | D:8      | Killed Grum
  6901 | D:8      | Noticed Pikel
  6910 | D:8      | Killed Pikel
  6910 | D:8      | Reached skill level 10 in Armour
  7149 | D:8      | Noticed Prince Ribbit
  7153 | D:8      | Killed Prince Ribbit
  7594 | D:9      | Found a burning altar of Makhleb.
  7594 | D:9      | Found a basalt altar of Yredelemnul.
  7597 | D:9      | Found an opulent altar of Gozag.
  7598 | D:9      | Found a shattered altar of Ashenzari.
  7648 | D:9      | HP: 1/91 [electric eel/bolt of electricity (6)]
  7688 | D:9      | HP: 3/91 [yak (8)]
  7712 | D:9      | HP: 4/91 [acid (3)]
  7713 | D:9      | Received a gift from Trog
  8162 | D:9      | Reached XP level 11. HP: 87/97 MP: 10/10
  8210 | D:9      | Found a staircase to the Lair.
  8219 | Lair:1   | Entered Level 1 of the Lair of Beasts
  8352 | Lair:1   | Noticed a five-headed hydra
  8365 | Lair:1   | Killed a five-headed hydra
  8472 | Lair:1   | Noticed a seven-headed hydra
  8484 | Lair:1   | Killed a seven-headed hydra
  8494 | Lair:1   | Noticed a seven-headed hydra
  8506 | Lair:1   | Killed a seven-headed hydra
  9050 | Lair:2   | Noticed Harold
  9051 | Lair:2   | Noticed an oklob plant
  9066 | Lair:2   | Killed Harold
  9066 | Lair:2   | Reached skill level 14 in Maces & Flails
  9231 | Lair:2   | Reached skill level 1 in Throwing
  9449 | Lair:2   | Noticed an eight-headed hydra
  9459 | Lair:2   | Killed an eight-headed hydra
  9459 | Lair:2   | Reached skill level 10 in Fighting
  9728 | Lair:2   | Noticed Erica
  9737 | Lair:2   | Killed Erica
 10140 | Lair:3   | Noticed Urug
 10153 | Lair:3   | Killed Urug
 10458 | Lair:3   | Reached XP level 12. HP: 50/108 MP: 3/11
 10499 | Lair:3   | Noticed Snorg
 10510 | Lair:3   | Killed Snorg
 11096 | Lair:3   | Reached skill level 15 in Maces & Flails
 11608 | Lair:3   | Found a hole to the Spider Nest.
 11622 | Spider:1 | Entered Level 1 of the Spider Nest
 11738 | Spider:1 | Killed a ghost moth
 11743 | Spider:1 | Gained mutation: Your magical capacity is low. (-10% MP) [mutagenic meat]
 11744 | Spider:1 | Gained mutation: You have a pair of large horns on your head. [mutagenic meat]
 11745 | Spider:1 | Gained mutation: Scrolls take you a little longer to read. [mutagenic meat]
 11772 | Spider:1 | Noticed Aizul
 11809 | Spider:1 | HP: 8/165 [Aizul/bolt of poison (6)]
 11810 | Spider:1 | Killed Aizul
 11814 | Spider:1 | HP: 7/165 [poisoned by Aizul (bolt of poison)]
 11815 | Spider:1 | HP: 3/110 [poisoned by Aizul (bolt of poison)]
 12131 | Spider:1 | Received a gift from Trog
 12131 | Spider:1 | Reached skill level 16 in Maces & Flails
 12534 | Spider:1 | Noticed Kirke
 12547 | Spider:1 | Killed Kirke
 12885 | Spider:1 | Reached XP level 13. HP: 117/117 MP: 10/10
 13503 | Spider:2 | Noticed an entropy weaver
 13517 | Spider:2 | Killed an entropy weaver
 13517 | Spider:2 | Reached skill level 17 in Maces & Flails
 14176 | Spider:2 | Noticed Frances
 14197 | Spider:2 | Killed Frances
 14436 | Spider:2 | Reached skill level 15 in Armour
 14475 | Spider:2 | Blown up by an orb spider

Skill      XL: |  1  2  3  4  5  6  7  8  9 10 11 12 13 |
---------------+----------------------------------------+-----
Fighting       | 4 5 6 7 9 10 11 13 | 13.0
Maces & Flails | 4 5 7 9 12 13 14 16 17 | 17.3
Dodging        | 3 4 5 6 |  6.6
Stealth        | 1 2 3 |  3.4
Armour         | 3 4 5 6 8 10 12 13 15 | 15.0
Short Blades   | 2 3 |  3.3
Throwing       | 1 |  1.8

Action                   |  1- 3 |  4- 6 |  7- 9 | 10-12 | 13-15 || total
-------------------------+-------+-------+-------+-------+-------++-------
Melee: Mace              |    88 |   112 |   179 |       |       ||   379
       Headbutt          |    36 |    19 |    49 |   146 |    44 ||   294
       Dagger            |    65 |    68 |       |       |       ||   133
       Kick              |       |    14 |    83 |   199 |    70 ||   366
       Whip              |       |       |    83 |   405 |   152 ||   640
       Great mace        |       |       |       |    87 |       ||    87
Throw: Javelin           |       |       |       |     6 |       ||     6
Invok: Berserk           |       |     2 |     1 |     3 |     2 ||     8
       Burn Spellbooks   |       |       |     2 |     3 |       ||     5
       Trog's Hand       |       |       |       |     1 |       ||     1
  Use: Scroll            |    10 |     6 |     8 |    10 |     3 ||    37
       Potion            |     7 |     5 |     3 |     5 |       ||    20
 Stab: Sleeping          |     2 |       |       |       |       ||     2
  Eat: Chunk             |     1 |     4 |     7 |     4 |     1 ||    17
       Bread ration      |       |     1 |     2 |     5 |     1 ||     9
       Beef jerky        |       |       |       |       |     2 ||     2
Armor: Animal skin       |    25 |       |       |       |       ||    25
       Chain mail        |    12 |   134 |   159 |   202 |    76 ||   583
Dodge: Dodged            |    53 |   119 |   146 |   293 |    96 ||   707
